 Dungeon Crawl Stone Soup version 0.23.1-42-g8abd8fc (console) character file.

Game seed: 11753193050683743128

109 jt the Slasher (level 4, 0/46 HPs)
             Began as an Octopode Fighter on Mar 30, 2019.
             Hit by a goblin thrown by Robin (2 damage)
             ... on level 3 of the Dungeon.
             The game lasted 00:04:03 (1190 turns).

jt the Slasher (Octopode Fighter)                   Turns: 1190, Time: 00:04:04

Health: 0/46       AC: 22    Str: 21    XL:     4   Next: 90%
Magic:  13/13      EV:  2    Int: 10    God:
Gold:   64         SH: 10    Dex: 11    Spells: 0/3 levels left

rFire    . . .     SeeInvis .   a - +1 long sword
rCold    . . .     Gourm    .   b - +1 shield
rNeg     + + +     Faith    .   (helmet currently unavailable)
rPois    +         Spirit   .   (no amulet)
rElec    .         Reflect  .   e - ring of positive energy
rCorr    .         Harm     .   l - ring of magical power
MR       .....     NoTele   +   (no ring)
Stlth    +.........             (no ring)
HPRegen  0.15/turn              (no ring)
MPRegen  0.13/turn              (no ring)
                                (no ring)
                                (no ring)

@: mighty, tree-form
A: almost no armour, stealthy swim, (amphibious), 8 rings, (constrict 8)
a: no special abilities


You were on level 3 of the Dungeon.
You were not hungry.
You were a tree.
You visited 1 branch of the dungeon, and saw 3 of its levels.

You collected 64 gold pieces.

Inventory:

Hand Weapons
 a - a +1 long sword (weapon)
 i - a +0 spear
 q - a +0 hunting sling
Missiles
 j - 68 stones (quivered)
 m - 2 javelins
 p - 16 sling bullets
Armour
 b - a +1 shield (worn)
Jewellery
 e - a ring of positive energy (left branch)
 l - a ring of magical power (right branch)
Scrolls
 h - a scroll of enchant weapon
 k - a scroll of remove curse
 n - a scroll of fear
 o - a scroll of amnesia
Potions
 g - a potion of lignification
Comestibles
 d - 4 rations
 f - 5 chunks of flesh


   Skills:
 - Level 3.0 Fighting
 * Level 4.2 Long Blades
 - Level 3.0 Dodging
 + Level 3.9 Shields


You couldn't memorise any spells.
You knew the following spells:

 Your Spells              Type           Power        Failure   Level  Hunger
a - Animate Skeleton      Necr           N/A          85%         1    ##.....
b - Confusing Touch       Hex            #.....       85%         1    ##.....
c - Summon Small Mammal   Summ           #...         85%         1    ##.....

Your spell library contained the following spells:

 Spells                   Type           Power        Failure   Level  Hunger
 Apportation              Tloc           #.....       85%         1    ##.....


Dungeon Overview and Level Annotations

Branches:
Dungeon (3/15)

Altars:

Annotations:
D:3 Grinder, Robin


Innate Abilities, Weirdness & Mutations

You cannot wear most types of armour.
You are very stealthy in the water. (Stealth+)
((You are amphibious.))
You can wear up to eight rings at the same time.
((You can use your tentacles to constrict eight enemies at once.))
((Your skin changes colour to match your surroundings (Stealth+).))
((Your rubbery body absorbs attacks. (AC +1, EV +1)))


Message History

Your roots penetrate the ground.
You lose your grip on the goblin.
The hobgoblin hits you but does no damage.
The goblin hits you with a +0 club.
* * * LOW HITPOINT WARNING * * *
Press: ? - help, v - describe, . - travel
Here: a goblin, wielding a +0 club (severely wounded, unusually strong)
The floor.
You feel very mighty all of a sudden.
Robin roars a battlecry!
The goblin goes into a battle-frenzy!
You block the hobgoblin's attack. The goblin hits you with a +0 club.
* * * LOW HITPOINT WARNING * * *
A hobgoblin comes into view.
The hobgoblin shouts!
You hear a shout!
You slash the goblin!
You kill the goblin!
The hobgoblin no longer looks unusually strong.
The goblin no longer looks unusually strong.
Robin throws the goblin at you!
You die...

#..........# .# #....÷.....#
..# #..........# #.#
#..........######## #### #.#
##........##......## ....##.#
##......##........# #..#.##
#####.............
#....##############...........
#.........g♣gg.g†)..........
#.##############..g.........
####.######### ##...........
##.....##.....## #.#......<.#
##..............##
#.g>........
#................#
#.......÷...
#................#
##...........
#........÷.......#
#.g..........
).......<.)......#
##............


You could see Robin, 2 hobgoblins and 2 goblins.

Vanquished Creatures
  A centaur skeleton (D:3)
  A gnoll (D:1)
  An adder (D:3)
  4 dart slugs
  2 leopard geckos (D:1)
  2 ball pythons (D:1)
  A giant cockroach (D:1)
  6 goblins
  9 hobgoblins
  5 jackals
  A quokka (D:3)
  4 bats
  A frilled lizard (D:2)
  4 kobolds
  8 rats (D:1)
50 creatures vanquished.

Notes
Turn   | Place    | Note
-------+----------+-------------------------------------------
     0 | D:1      | jt the Octopode Fighter began the quest for the Orb.
     0 | D:1      | Reached XP level 1. HP: 16/16 MP: 1/1
   120 | D:1      | Reached XP level 2. HP: 17/21 MP: 2/2
   288 | D:1      | Reached skill level 3 in Long Blades
   319 | D:1      | Reached XP level 3. HP: 20/26 MP: 3/3
   826 | D:3      | Reached XP level 4. HP: 15/31 MP: 4/4
   863 | D:3      | Reached skill level 4 in Long Blades
   948 | D:3      | Learned a level 1 spell: Animate Skeleton
   950 | D:3      | Learned a level 1 spell: Confusing Touch
   952 | D:3      | Learned a level 1 spell: Summon Small Mammal
   995 | D:3      | Noticed Grinder
  1167 | D:3      | Noticed Robin
  1189 | D:3      | HP: 2/46 [goblin/+0 club[Robin] (2)]
  1190 | D:3      | Hit by a goblin thrown by Robin

Skill      XL: |  1  2  3  4 |
---------------+-------------+-----
Long Blades    | 3 4 |  4.2
Fighting       | |  3.0
Dodging        | |  3.0
Shields        | |  3.9

Action                   |  1- 3 |  4- 6 || total
-------------------------+-------+-------++-------
Melee: Long sword        |    46 |    30 ||    76
       Constrict         |    17 |     8 ||    25
       Tentacles         |    11 |     1 ||    12
  Use: Scroll            |     5 |       ||     5
       Potion            |       |     2 ||     2
 Stab: Sleeping          |     5 |     1 ||     6
  Eat: Chunk             |       |     1 ||     1
Armor: Skin              |     3 |     2 ||     5
Dodge: Dodged            |    26 |    12 ||    38
Block: Shield            |    19 |    19 ||    38
       Rpst.: Long sword |     7 |     2 ||     9
